 Dungeon Crawl Stone Soup version 0.31-a0-43-g46d131a48f (webtiles) character file.

Game seed: 7282219208619552998

22850 porpoise the Covert (level 12, -9/60 HPs)
             Began as a Spriggan Enchanter on May 19, 2023.
             Was an Elder of Dithmenos.
             Killed from afar by a rime drake (18 damage)
             ... with an icy flash freeze
             ... on level 3 of the Lair of Beasts.
             The game lasted 01:10:52 (15283 turns).

porpoise the Covert (Spriggan Enchanter)           Turns: 15283, Time: 01:10:53

Health: -9/60      AC:  8    Str:  4    XL:     12   Next: 66%
Magic:  0/32       EV: 24    Int: 20    God:    Dithmenos [****..]
Gold:   585        SH:  0    Dex: 17    Spells: 15/25 levels left

rFire   + . .        a - +1 short sword (venom)
rCold   . . .        (no shield)
rNeg    . . .        o - +2 robe {rF+}
rPois   .            X - +2 hat {SInv}
rElec   .            w - +1 cloak
rCorr   +            (gloves unavailable)
SInv    +            (boots unavailable)
Will    +++..        g - amulet of Fumeycso {Spirit rCorr SInv Stlth+}
Stlth   ++++++++++   I - ring of willpower
HPRegen 0.30/turn    l - ring of magical power
MPRegen 0.23/turn

%: guardian spirit
@: wreathed by umbra, very quick
A: very small, no large weapons, unfitting armour, see invisible, speed 3
a: Renounce Religion, Shadow Step


You were on level 3 of the Lair of Beasts.
You worshipped Dithmenos.
Dithmenos was greatly pleased with you.
You visited 3 branches of the dungeon, and saw 15 of its levels.

You collected 761 gold pieces.
You spent 176 gold pieces at shops.

Inventory:

Hand Weapons
 a - a +1 short sword of venom (weapon)
 L - a +3 dagger of freezing
Missiles
 p - 17 boomerangs (quivered)
 A - 21 poisoned darts
 B - 2 throwing nets
 N - a curare-tipped dart
 Z - 6 silver boomerangs
Armour
 o - a +2 robe of fire resistance (worn)
 w - a +1 cloak (worn)
 X - a +2 hat of see invisible (worn)
Magical Staves
 f - a staff of poison
Jewellery
 g - the amulet of Fumeycso (around neck) {Spirit rCorr SInv Stlth+}
   (You acquired it on level 7 of the Dungeon)

   [amulet of guardian spirit]

   It causes incoming damage to be divided between your reserves of health and
   magic.
   SInv:      It lets you see invisible.
   rCorr:     It protects you from acid and corrosion.
   Stlth:     It makes you more stealthy.
 l - a ring of magical power (right hand)
 I - a ring of willpower (left hand)
Wands
 F - a wand of polymorph (8)
 O - a wand of roots (14)
 W - a wand of flame (11)
Scrolls
 b - 2 scrolls of identify
 d - a scroll of enchant armour
 e - 2 scrolls of fear
 h - 2 scrolls of blinking
 G - a scroll of fog
 R - a scroll of torment
 S - a scroll of poison
 Y - 3 scrolls of teleportation
Potions
 c - 3 potions of invisibility
 i - 3 potions of curing
 q - 3 potions of attraction
 r - 2 potions of cancellation
 x - 3 potions of lignification
 C - a potion of haste
 P - 3 potions of might


   Skills:
 - Level 5.0 Fighting
 - Level 10.0 Short Blades
 + Level 11.0 Dodging
 + Level 13.8 Stealth
 - Level 7.0 Spellcasting
 + Level 10.9 Hexes
 - Level 5.0 Translocations
 - Level 5.0 Ice Magic
 - Level 5.0 Invocations
 - Level 7.0 Evocations


You had 15 spell levels left.
You knew the following spells:

 Your Spells              Type           Power      Damage    Failure   Level
a - Confusing Touch       Hex            50%        N/A       1%          3
e - Ensorcelled Hibernat  Hex/Ice        76%        N/A       1%          2
k - Blink                 Tloc           54%        N/A       1%          2
t - Tukima's Dance        Hex            50%        N/A       1%          3

Your spell library contained the following spells:

 Spells                   Type           Power      Damage    Failure   Level
 Portal Projectile        Hex/Tloc       76%        N/A       1%          3
 Dazzling Flash           Conj/Hex       56%        N/A       3%          3
 Frozen Ramparts          Ice            54%        1d9       3%          3
 Kiss of Death            Conj/Necr      28%        2d7       10%         1
 Leda's Liquefaction      Hex/Erth       14%        N/A       10%         4
 Manifold Assault         Tloc           27%        N/A       12%         4
 Call Canine Familiar     Summ           7%         N/A       28%         3
 Ignite Poison            Fire/Tmut/Pois 7%         N/A       28%         3
 Ice Form                 Ice/Tmut       17%        N/A       32%         4
 Summon Ice Beast         Ice/Summ       17%        N/A       32%         4
 Dispel Undead            Necr           7%         3d8       67%         4
 Sticky Flame             Conj/Fire      7%         2d3       67%         4
 Storm Form               Tmut/Air       3%         N/A       100%        7
 Ignition                 Fire           3%         3d4       100%        8


Dungeon Overview and Level Annotations

Branches:
Dungeon (11/15)            Temple (1/1) D:4            Lair (3/5) D:11
  Swamp (0/4) Lair:3
  Snake: Lair:2-3    Spider: Lair:2-3       Orc: D:9-12

Altars:
Ashenzari
Cheibriados
Dithmenos
Fedhas
Hepliaklqana
Makhleb
Okawaru
Qazlal
Ru
Trog
Uskayaw
Vehumet
Xom
Yredelemnul
The Shining One

Shops:
D:6 [


Innate Abilities, Weirdness & Mutations

You are very small and have problems with some larger weapons.
You are too small for most types of armour.
You have supernaturally acute eyesight. (SInv)
You cover ground extremely quickly. (Speed+++)


Message History

You are encased in ice.
Hit: a) +1 short sword (venom)
Press: ? - help, Dir - move target, p - steam dragon
Okay, then.
Unknown command.
Unknown command.
The rime drake closely misses the steam dragon.
The steam dragon bites you but does no damage.
The steam dragon closely misses you.
Hit: a) +1 short sword (venom)
Press: ? - help, Dir - move target, f - steam dragon, p - steam dragon
Aim: a steam dragon (umbra, about 30% to evade your +1 short sword of venom)
Okay, then.
Unknown command.
The rime drake bites you but does no damage.
The steam dragon breathes steam at you. The ball of steam hits you. You resist.
* * * LOW HITPOINT WARNING * * *
The rime drake attacks as you move away!
The rime drake misses you.
The rime drake barely misses the steam dragon.
The rime drake is engulfed in a cloud of scalding steam. x2
The ice encasing you melts away.
The rime drake bites the rime drake.
The rime drake bites the rime drake!
The rime drake looks more healthy.
The rime drake is engulfed in a cloud of scalding steam.
The rime drake closely misses the rime drake.
The rime drake barely misses the rime drake.
The rime drake breathes ice at you. The icy flash freeze hits you!
* * * LOW HITPOINT WARNING * * *
You are encased in ice.
Dithmenos accepts your kill.
You feel a bit more experienced. The ice encasing you melts away.
You hear an angry hiss.
You hear the beating of a very distant drum.
The rime drake breathes ice at you. The icy flash freeze hits you!!
You die...

>..⌠..†..⌠#....... ..
..........+..(.... ...
..##....##....[... ...#
###....#.###...# #...##
##.....#####P....
#....###....#....###....
#....⌠....##....##....D
#.........##..k#.##...#
#..<@.######.##.kD..k
####.#.##...#P#.#.#....k
..............k..D.......
.......♣♣≈~≈♣............
......≈♣≈≈~≈≈♣...........
.....♣♣≈≈≈~§≈♣≈♣.........
#.##.♣≈≈≈≈§≈~≈≈♣.........
# ##.≈≈≈§§§≈≈♣≈P#P......
##.♣≈§§~§≈.###......


You could see a rime drake (catching breath).

Vanquished Creatures
  Gastronok (Lair:1)
  Erolcha (D:11)
  2 boulder beetles (D:11)
  2 two-headed ogres
  Urug (D:11)
  Pikel (D:8)
  A manticore (D:11)
  5 elephants (Lair:1)
  2 black mambas (Lair:2)
  5 cane toads
  2 rime drakes (Lair:3)
  6 komodo dragons (Lair:1)
  A troll (D:10)
  A polar bear (Lair:2)
  Sigmund (D:2)
  2 wyverns
  Eustachio (D:4)
  30 yaks
  A basilisk (Lair:2)
  4 steam dragons
  2 wargs (D:11)
  4 water moccasins
  3 ice beasts
  A sky beast (D:6)
  4 orc warriors
  2 black bears (D:6)
  An ogre (D:4)
  4 wolves (Lair:2)
  A phantom (D:4)
  3 centaurs
  2 kobold brigands (D:8)
  8 bullfrogs
  4 scorpions
  2 gnoll sergeants (D:8)
  8 wights
  13 killer bees
  A howler monkey (D:9)
  4 hounds
  7 jellies
  Crazy Yiuf (D:4)
  8 orc priests
  2 gnoll boudas
  3 sleepcaps
  Jessica (D:2)
  3 iguanas
  12 orc wizards
  16 gnolls
  9 adders
  2 shadow imps
  A white imp (D:5)
  2 ufetubi
  4 dart slugs
  32 orcs
  11 endoplasms
  7 giant cockroaches
  12 goblins
  9 hobgoblins
  2 jackals (D:1)
  7 quokkas
  6 ball pythons
  4 bats
  4 frilled lizards
  16 kobolds
  7 rats
  A spectral orc (D:4)
326 creatures vanquished.

Vanquished Creatures (collateral kills)
  An orc (D:8)
1 creature vanquished.

Grand Total: 327 creatures vanquished

Notes
Turn   | Place    | Note
-------+----------+-------------------------------------------
     0 | D:1      | porpoise the Spriggan Enchanter began the quest for the
                  | Orb.
     0 | D:1      | Reached XP level 1. HP: 9/9 MP: 5/5
   272 | D:1      | Reached XP level 2. HP: 11/13 MP: 7/7
   282 | D:1      | Learned a level 2 spell: Ensorcelled Hibernation
  1035 | D:2      | Reached XP level 3. HP: 17/17 MP: 8/8
  1226 | D:2      | Reached skill level 1 in Ice Magic
  1420 | D:2      | Reached skill level 1 in Fighting
  1493 | D:2      | Noticed Sigmund
  1527 | D:2      | Killed Sigmund
  1528 | D:2      | Reached skill level 5 in Stealth
  1528 | D:2      | Reached XP level 4. HP: 12/22 MP: 11/11
  1528 | D:2      | Reached XP level 5. HP: 14/25 MP: 12/12
  1713 | D:2      | Noticed Jessica
  1726 | D:2      | Killed Jessica
  2124 | D:3      | Reached XP level 6. HP: 30/30 MP: 14/14
  2443 | D:3      | Found an iron altar of Okawaru.
  2457 | D:3      | Found a shimmering altar of Xom.
  2462 | D:3      | Learned a level 3 spell: Confusing Touch
  2466 | D:3      | Learned a level 3 spell: Tukima's Dance
  2547 | D:3      | Reached skill level 5 in Spellcasting
  2887 | D:3      | Found a glowing golden altar of the Shining One.
  3088 | D:4      | Found a basalt altar of Yredelemnul.
  3164 | D:4      | Noticed a water moccasin
  3169 | D:4      | Reached skill level 6 in Stealth
  3176 | D:4      | Killed a water moccasin
  3532 | D:4      | Noticed Eustachio
  3555 | D:4      | Killed Eustachio
  3556 | D:4      | Reached skill level 5 in Hexes
  3556 | D:4      | Reached XP level 7. HP: 33/35 MP: 15/15
  4133 | D:4      | Found a staircase to the Ecumenical Temple.
  4140 | Temple   | Entered the Ecumenical Temple
  4184 | Temple   | Became a worshipper of Dithmenos the Shadowed
  4443 | D:4      | Found a runed translucent door.
  4444 | D:4      | Noticed Crazy Yiuf
  4451 | D:4      | Killed Crazy Yiuf
  4452 | D:4      | Reached skill level 7 in Stealth
  4505 | D:5      | Entered Level 5 of the Dungeon
  4602 | D:4      | Reached XP level 8. HP: 20/39 MP: 16/16
  4781 | D:5      | Found a snail-covered altar of Cheibriados.
  4788 | D:5      | Found a hazy altar of Hepliaklqana.
  5098 | D:5      | Reached * piety under Dithmenos
  5119 | D:5      | Found a radiant altar of Vehumet.
  5446 | D:6      | Reached skill level 8 in Stealth
  5446 | D:6      | Reached skill level 5 in Ice Magic
  5683 | D:6      | Found Ruwkiff's Armour Shoppe.
  5704 | D:6      | Bought a +2 hat for 176 gold pieces
  6075 | D:6      | Reached XP level 9. HP: 35/42 MP: 17/17
  6310 | D:6      | Reached skill level 9 in Stealth
  6331 | D:6      | Reached skill level 5 in Short Blades
  6594 | D:7      | Identified a scroll of acquirement
  6594 | D:7      | Acquired the amulet of Fumeycso {Spirit rCorr SInv Stlth+}
  6683 | D:7      | Found a bloodstained altar of Trog.
  6685 | D:7      | Found a broken altar of Ashenzari.
  6826 | D:7      | Learned a level 2 spell: Blink
  7074 | D:7      | Reached skill level 1 in Translocations
  7078 | D:7      | Reached ** piety under Dithmenos
  7109 | D:7      | Reached skill level 5 in Dodging
  7964 | D:8      | Found a blossoming altar of Fedhas.
  8429 | D:8      | Reached skill level 5 in Translocations
  8431 | D:8      | Noticed a two-headed ogre
  8442 | D:8      | Killed a two-headed ogre
  8443 | D:8      | Reached XP level 10. HP: 46/46 MP: 9/18
  8521 | D:8      | Noticed Pikel
  8547 | D:8      | Killed Pikel
  9130 | D:8      | Reached *** piety under Dithmenos
  9260 | D:9      | Noticed a two-headed ogre
  9266 | D:9      | Killed a two-headed ogre
  9584 | D:9      | Reached skill level 1 in Evocations
 10577 | D:10     | Entered Level 10 of the Dungeon
 10928 | D:10     | Reached XP level 11. HP: 36/46 MP: 17/19
 11121 | D:10     | Identified the +2 leather armour of Objectivity {rElec rF-
                  | Slay+3}
 11476 | D:10     | Reached skill level 5 in Evocations
 11777 | D:11     | Noticed a boulder beetle
 11792 | D:11     | Killed a boulder beetle
 11793 | D:11     | Reached skill level 10 in Short Blades
 11821 | D:11     | Identified the staff of conjuration "Ficea" {Fly rN+
                  | Stlth+}
 11933 | D:11     | Reached skill level 5 in Fighting
 11933 | D:11     | Reached skill level 1 in Invocations
 12309 | D:11     | Noticed Urug
 12315 | D:11     | Found a radiant altar of Vehumet.
 12319 | D:11     | Killed Urug
 12323 | D:11     | Noticed Erolcha
 12361 | D:11     | Killed Erolcha
 12362 | D:11     | Reached skill level 10 in Stealth
 12485 | D:11     | Found a staircase to the Lair.
 12490 | D:11     | Reached **** piety under Dithmenos
 12948 | D:11     | Noticed a boulder beetle
 12955 | D:11     | Killed a boulder beetle
 13196 | Lair:1   | Entered Level 1 of the Lair of Beasts
 13216 | Lair:1   | Noticed Gastronok
 13242 | Lair:1   | Killed Gastronok
 13243 | Lair:1   | Reached skill level 11 in Stealth
 13602 | Lair:1   | Reached XP level 12. HP: 60/60 MP: 23/23
 13609 | Lair:1   | Reached skill level 5 in Invocations
 13642 | Lair:1   | Reached skill level 12 in Stealth
 14013 | Lair:1   | Reached skill level 10 in Dodging
 14013 | Lair:1   | Reached skill level 10 in Hexes
 14042 | Lair:1   | Reached skill level 13 in Stealth
 15208 | Lair:3   | Found a staircase to the Swamp.
 15283 | Lair:3   | Killed from afar by a rime drake

Illustrated notes

Levels and vault maps discovered:
D:1:      minmay_arrival_glassed_features, layout_basic, minmay_unequal
D:2:      layout_rooms, serial_bayou_lagoon_a, dk_noncrumbling_2,
          minmay_hedge_maze, minmay_goblin_outpost, uniq_jessica, uniq_sigmund
D:3:      layout_rooms, mainiacjoe_overflow_catwalk_spiral, marbit_many_paths,
          serial_bayou, serial_bayou_pond_c, serial_bayou_pond_b,
          serial_bayou_pond_e, serial_bayou_pond_d, serial_bayou_pond_e,
          kennysheep_generic_room_13
D:4:      layout_loops_corners, yredelemnul_forgotten_temple_becter,
          minmay_temple_entry_offerings, uniq_crazy_yiuf_cottage, uniq_eustachio
D:5:      layout_cave_pools, chequers_temple_overflow_statue_of_worship,
          mainiacjoe_overflow_tiny_flanked
D:6:      layout_loops_corners, serial_shops, shop
D:7:      layout_basic, grunt_temple_overflow_open
D:8:      layout_basic, fedhas_ov_isle_minmay, dk_noncrumbling_4, uniq_pikel
D:9:      layout_gridville, dk_vineyard_2
D:10:     layout_irregular_city, minmay_misc_feat_tiny
D:11:     layout_stronghold, erik_lair_orcish_takeover, vehumet_altar_wand_db,
          uniq_erolcha, uniq_urug
Temple:   hellmonk_temple_flake
Lair:1:   layout_cave_shapes, beast_lair_carwin_1, grunt_megastairs_2,
          uniq_gastronok
Lair:2:   layout_hall_layers
Lair:3:   layout_regular_city, swamp_mist_pool, spider_nest_entry_a,
          gauntlet_entry_generic, bobbens_dragon_lair_wall, grunt_megastairs_5,
          infiniplex_staircase_pool_2

Skill      XL: |  1  2  3  4  5  6  7  8  9 10 11 12 |
---------------+-------------------------------------+-----
Spellcasting   | 3 4 5 7 |  7.0
Ice Magic      | 2 3 4 5 |  5.0
Fighting       | 1 2 4 5 |  5.0
Stealth        | 5 6 7 8 9 11 13 | 13.8
Hexes          | 5 6 8 9 10 | 10.9
Short Blades   | 2 3 4 7 9 10 | 10.0
Dodging        | 7 9 11 | 11.0
Translocations | 5 |  5.0
Evocations     | 4 7 |  7.0
Invocations    | 4 5 |  5.0

Action                     |  1- 3 |  4- 6 |  7- 9 | 10-12 || total
---------------------------+-------+-------+-------+-------++-------
  Melee: Dagger            |   123 |   125 |    86 |       ||   334
         Punch             |     2 |       |     4 |     6 ||    12
         Short sword       |       |       |   196 |   370 ||   566
  Throw: Boomerang         |       |       |    13 |    12 ||    25
   Cast: Ensorcelled Hiber |    10 |    36 |    93 |   114 ||   253
         Confusing Touch   |       |     3 |    19 |    17 ||    39
         Tukima's Dance    |       |       |     2 |       ||     2
  Evoke: Wand              |       |       |       |     1 ||     1
    Use: Scroll            |       |     4 |    10 |     6 ||    20
         Potion            |       |       |     2 |       ||     2
   Stab: Sleeping          |    10 |    33 |    79 |    92 ||   214
         Distracted        |       |     2 |     2 |     1 ||     5
         Confused          |       |       |    17 |    17 ||    34
 Armour: Robe              |     8 |    16 |    32 |    29 ||    85
  Dodge: Dodged            |    83 |    94 |   193 |   314 ||   684

Table legend: (Time is in decaauts)
 A = Elapsed time spent in this place.
 B = Non-inter-level travel time spent in this place.
 C = Inter-level travel time spent in this place.
 D = Time resting spent in this place.
 E = Time spent auto-exploring this place.
 F = Levels seen in this place.
 G = Mean time per level.
                   A        B        C        D        E       F      G
               +--------+--------+--------+--------+--------+-----+--------+
         Total |  11424 |  11188 |    236 |   4130 |   4629 |  15 |  761.6 |
       Dungeon |   9876 |   9690 |    186 |   3550 |   4042 |  11 |  897.8 |
        Temple |     34 |     27 |      7 |      0 |     16 |   1 |   34.0 |
          Lair |   1513 |   1470 |     43 |    580 |    569 |   3 |  504.3 |
               +--------+--------+--------+--------+--------+-----+--------+

Top non-repeatable levels by time:
     D:4: 1271 daAuts
     D:8: 1193 daAuts
    D:11: 1065 daAuts
     D:2: 1006 daAuts
     D:9: 1001 daAuts
     D:6: 962 daAuts
  Lair:1: 927 daAuts
    D:10: 904 daAuts
     D:7: 706 daAuts
     D:1: 607 daAuts
     D:3: 586 daAuts
     D:5: 572 daAuts
  Lair:2: 536 daAuts
  Lair:3: 49 daAuts
  Temple: 34 daAuts
